 Dungeon Crawl Stone Soup version 0.20-a0-1000-g0e8f6bb (webtiles) character file.

449646 JeffiDaFish the Hoplite (level 23, -8/170 HPs)
             Began as a Gargoyle Fighter on Apr 12, 2017.
             Was the Champion of Okawaru.
             Splashed by a deep elf sorcerer's acid (17 damage)
             ... on level 3 of the Elven Halls.
             The game lasted 02:11:05 (45589 turns).

JeffiDaFish the Hoplite (Gargoyle Fighter)         Turns: 45589, Time: 02:11:05

Health: -8/170     AC: 59    Str: 31    XL:     23   Next: 94%
Magic:  23/23      EV: 17    Int: 10    God:    Okawaru [******]
Gold:   3866       SH: 34    Dex: 19    Spells: 16/22 levels left

rFire    + . .     SeeInvis +   c - +9 morningstar (protect)
rCold    . . .     Gourm    .   D - +6 large shield
rNeg     + + +     Faith    .   o - +12 plate armour of Benevolence {Str+6 Slay+2}
rPois    ∞         Spirit   .   z - +2 hat {SInv}
rElec    +         Reflect  .   a - scarf "Mimyaxex" {rF+ rN+ Dex+3}
rCorr    .         Harm     .   y - +2 pair of gloves {Str+3}
MR       +++++     Clarity  +   R - +2 pair of boots {Fly}
Stlth    ..........             v - amulet of the Four Winds {rN+ MR+++ Clar}
Regen    0.4/turn               n - +5 ring of evasion
MPRegen  0.2/turn               t - ring of protection from magic

@: corroded, protection aura, flying
A: big wings, claws 1, talons 1, negative energy resistance 1, robust 1,
electricity resistance, unbreathing, petrification resistance, rot immunity, AC
+17
}: 3/15 runes: barnacled, silver, gossamer
a: Stop Flying, Heroism, Finesse, Renounce Religion


You were on level 3 of the Elven Halls.
You worshipped Okawaru.
Okawaru was exalted by your worship.
You were not hungry.

You visited 8 branches of the dungeon, and saw 40 of its levels.
You also visited: Volcano.

You collected 5053 gold pieces.
You spent 1187 gold pieces at shops.

Inventory:

Hand Weapons
 c - a +9 morningstar of protection (weapon)
 w - a +3 demon whip of electrocution
 O - the +9 broad axe "Ocodghao" {flame, Int+6}
   (You took it off a deep elf high priest on level 5 of the Vaults)

   It has been specially enchanted to burn those struck by it, causing extra
   injury to most foes and up to half again as much damage against particularly
   susceptible opponents.
   Big, fiery blades are also staple armaments of hydra-hunters.
   It affects your intelligence (+6).
Armour
 a - the scarf "Mimyaxex" (worn) {rF+ rN+ Dex+3}
   (Okawaru gifted it to you in a volcano)

   It affects your dexterity (+3).
   It protects you from fire.
   It protects you from negative energy.
 o - the +12 plate armour of Benevolence (worn) {Str+6 Slay+2}
   (You found it on level 5 of the Dungeon)

   It affects your strength (+6).
   It affects your accuracy and damage with ranged weapons and melee attacks
   (+2).
 y - a +2 pair of gloves of strength (worn)
 z - a +2 hat of see invisible (worn)
 D - a +6 large shield (worn)
 N - a +3 crystal plate armour
 R - a +2 pair of boots of flying (worn)
Jewellery
 n - a +5 ring of evasion (left hand)
 t - a ring of protection from magic (right hand)
 v - the amulet of the Four Winds (around neck) {rN+ MR+++ Clar}
   (You found it on level 1 of the Lair of Beasts)

   [amulet of nothing]

   It protects you from negative energy.
   It affects your resistance to hostile enchantments.
   It protects you against confusion.
 G - an uncursed ring of protection from magic
Scrolls
 g - 2 scrolls of identify
 h - 5 scrolls of recharging
 i - 28 scrolls of remove curse
 j - 7 scrolls of fear
 k - 11 scrolls of magic mapping
 s - 17 scrolls of teleportation
 u - 9 scrolls of amnesia
 x - 4 scrolls of fog
 J - 4 scrolls of blinking
 K - 2 scrolls of enchant weapon
 Q - 2 scrolls of enchant armour
Potions
 d - 4 potions of might
 m - 5 potions of cancellation
 p - 10 potions of magic
 q - 2 potions of berserk rage
 A - 3 potions of invisibility
 B - 6 potions of agility
 F - a potion of heal wounds
 H - 4 potions of haste
 I - a potion of resistance
 L - 4 potions of ambrosia
 M - 10 potions of curing
Books
 r - a book of Conjurations

   Spells                             Type                      Level
   a - Magic Dart                     Conjuration                  1
   b - Searing Ray                    Conjuration                  2
   c - Dazzling Spray                 Conjuration/Hexes            3
   d - Fulminant Prism                Conjuration/Hexes            4
   e - Force Lance                    Conjuration/Translocation    4
   f - Iskenderun's Mystic Blast      Conjuration                  4
 P - a book of Fire

   Spells                             Type                      Level
   a - Ignite Poison                  Fire/Transmutation/Poison    3
   b - Fireball                       Conjuration/Fire             5
   c - Bolt of Fire                   Conjuration/Fire             6
   d - Ring of Flames                 Charms/Fire                  7
   e - Ignition                       Fire                         8
Comestibles
 b - 44 fruits
 f - 31 bread rations
 l - 16 meat rations
 E - 10 royal jellies


   Skills:
 + Level 19.2 Fighting
 + Level 19.8 Maces & Flails
 * Level 16.5 Armour
 + Level 5.5 Dodging
 + Level 3.0 Stealth
 + Level 26.4 Shields


You had 16 spell levels left.
You knew the following spells:

 Your Spells              Type           Power        Failure   Level  Hunger
a - Iron Shot             Conj/Erth      #.........   100%        6    #######


Dungeon Overview and Level Annotations

Branches:
Dungeon (15/15)            Temple (1/1) D:4            Lair (6/6) D:8
 Shoals (4/4) Lair:3       Spider (4/4) Lair:4        Slime (0/5) Lair:6
    Orc (2/2) D:9             Elf (3/3) Orc:2        Vaults (5/5) D:14
  Crypt (0/3) Vaults:2     Depths (0/5) D:15

Altars:
Cheibriados
Dithmenos
Gozag
Hepliaklqana
Kikubaaqudgha
Nemelex Xobeh
Okawaru
Ru
Sif Muna
Trog
Wu Jian
Xom
Zin
Beogh
Jiyva

Shops:
D:7 *   D:8 }   D:10 ?*?   D:13 !   D:15 (   Orc:2 ([*[   Elf:1 *[
Shoals:1 *?(   Vaults:1 *   Vaults:3 (

Portals:
Trove: Vaults:2 (show slimy rune of Zot)


Innate Abilities, Weirdness & Mutations

You are resistant to torment.
Your stone body is resilient. (AC +17)
You are immune to poison.
Your large and strong wings let you fly indefinitely.
You resist negative energy. (rN+)
You are resistant to electric shocks. (rElec)
You can survive without breathing.
You are immune to petrification.
You are immune to rotting.
You have sharp fingernails.
You have sharp toenails.
You are robust. (+10% HP)


Message History

The deep elf sorcerer misses you.
You bludgeon the deep elf high priest!!
The deep elf high priest is moderately wounded.
The deep elf sorcerer seems less brilliant.
The deep elf archer seems less brilliant.
The deep elf sorcerer is empowered by the deep elf high priest's aura!
The deep elf archer is empowered by the deep elf high priest's aura!
The deep elf archer shoots an arrow.
You block the arrow.
The deep elf sorcerer casts a spell at you.
The bolt of acid hits you!
You are splashed with acid!
The acid burns!
* * * LOW HITPOINT WARNING * * *
You block the deep elf high priest's attack.
The deep elf sorcerer completely misses you.
Items here: )) [ †† a short sword; a ring mail; a rapier; an elf corpse x2
The deep elf sorcerer gestures at you while chanting.
The bolt of acid hits you!
* * * LOW HITPOINT WARNING * * *
The acid corrodes you!
You are splashed with acid!
The acid burns!
You die...

#...<..##.#######.####......
##....###.# #....'......
##..####+#### ######......
##....#(.....# ##....#
#.......(.e)(### ##..##
#........(()...# ##'#
##########e####..# ###
#..)e)..#### #....§§§@e....#
.....#..........
................
.####.....####.. ####### #


You could see 2 deep elf sorcerers, a deep elf archer and a deep elf high
priest.

Vanquished Creatures
  Xtahua (Vaults:5)
  Saint Roka (Orc:2)
  The ghost of Parsimony the Peltast, a veteran BuWn of Dithmenos (Vaults:5)
  A golden dragon (Vaults:5)
  Jory (Vaults:2)
  Arachne (Spider:3)
  The ghost of FastMan the Executioner, an adept MiBe of Trog (Vaults:5)
  A tentacled monstrosity (Vaults:5)
  A lich (Vaults:5)
  Asterion (Spider:1)
  Rupert (Spider:1)
  2 titans (Vaults:5)
  A quicksilver dragon (Vaults:4)
  The ghost of ojifijod the Wrestler, an adept BaFi of Cheibriados (Shoals:4)
  2 deep elf master archers (Elf:3)
  3 sphinxes
  Gastronok (Lair:3)
  A kraken (Shoals:4)
  2 shadow dragons (Vaults:5)
  Agnes (Spider:3)
  2 storm dragons (Vaults:5)
  3 tengu reavers
  Donald (Spider:3)
  Kirke (Spider:1)
  A fire giant (Vaults:5)
  6 deep elf sorcerers
  20 vault wardens
  Ilsuiw (Shoals:4)
  6 emperor scorpions (Spider:4)
  An orc warlord (Orc:1)
  5 frost giants
  2 ghost moths (Spider:4)
  2 deep elf elementalists
  A war gargoyle (Vaults:5)
  21 ironheart preservers
  5 very ugly things
  The ghost of Hobbes the Eclecticist, a journeyman DESu of Hepliaklqana (Elf:1)
  4 entropy weavers
  12 stone giants
  5 deep elf demonologists
  Nessos (Lair:6)
  3 spark wasps
  8 deep elf annihilators
  4 deep elf death magi
  9 ettins
  4 merfolk javelineers
  Snorg (D:10)
  The ghost of regis the Destroyer, a journeyman HuCj of Vehumet (Orc:1)
  3 deep elf high priests (Vaults:5)
  A jiangshi (Vaults:2)
  8 merfolk impalers
  The ghost of cowum the Brawler, a journeyman TrMo of Okawaru (D:11)
  Josephine (Lair:5)
  20 yaktaur captains
  36 vault guards
  4 hydras
  A hydra (shapeshifter) (Vaults:1)
  6 centaur warriors
  3 ice dragons
  3 merfolk avatars (Shoals:4)
  3 catoblepae (Lair:6)
  3 death knights
  The ghost of Raiza the Fighter, a novice MiBe of Trog (D:9)
  Erica (D:10)
  An alligator snapping turtle (Shoals:2)
  9 death yaks (Lair:6)
  3 merfolk aquamancers (Shoals:4)
  20 two-headed ogres
  A satyr (Shoals:3)
  A tengu warrior (D:14)
  5 ogre magi
  A vampire mage (Vaults:2)
  31 dancing weapons
  3 deep troll earth magi (Vaults:2)
  2 deep troll shamans (Vaults:2)
  Urug (Lair:2)
  23 deep elf knights
  An orc high priest (Orc:2)
  A fire crab (shapeshifter) (Vaults:3)
  A skeletal warrior (D:15)
  A hell knight (Volcano)
  10 sea snakes
  16 deep trolls
  A sea snake (shapeshifter) (Vaults:5)
  7 wizards
  3 unseen horrors
  14 deep elf archers
  A swamp dragon (shapeshifter) (Elf:2)
  A flayed ghost (D:15)
  A lindwurm (Lair:4)
  5 phantasmal warriors
  10 ironbrand convokers
  54 deep elf magi
  20 orc knights
  41 ugly things
  2 necromancers
  15 orb spiders
  A fire giant zombie (D:15)
  7 fauns
  A mana viper (shapeshifter) (Vaults:4)
  7 harpies
  8 orc sorcerers
  36 wolf spiders
  6 cyclopes
  Maurice (D:9)
  A wolf spider (shapeshifter) (Vaults:4)
  11 merfolk sirens
  A moth of wrath (Spider:4)
  20 manticores
  4 black mambas
  4 elephants (Lair:3)
  5 water nymphs
  3 centaur zombies
  4 torpor snails
  16 vault sentinels
  A gargoyle (D:15)
  A torpor snail (shapeshifter) (Vaults:5)
  An eye of devastation (shapeshifter) (Elf:1)
  10 spiny frogs
  59 yaktaurs
  A redback zombie (D:15)
  7 freezing wraiths
  10 komodo dragons
  A guardian mummy (D:15)
  21 merfolk
  8 trolls
  A tengu conjurer (D:14)
  11 demonic crawlers
  A jumping spider (shapeshifter) (Vaults:1)
  A polar bear (Lair:6)
  A polar bear (shapeshifter) (Vaults:4)
  A queen bee (shapeshifter) (Vaults:3)
  5 wind drakes
  3 meliai (Spider:3)
  A meliai (shapeshifter) (Vaults:4)
  24 jumping spiders
  6 snapping turtles
  13 blink frogs
  5 hornets
  A human simulacrum (Vaults:1)
  19 slime creatures
  6 dream sheep (Lair:5)
  2 ettin zombies
  A fire giant simulacrum (Vaults:2)
  12 hippogriffs
  3 hippogriffs (shapeshifter)
  2 spriggan zombies (D:15)
  68 redbacks
  A shadow (D:14)
  A vampire (D:13)
  An air elemental (Elf:2)
  28 tarantellas
  A spriggan (D:9)
  3 fire elementals
  2 wyverns (D:13)
  5 water elementals
  7 wraiths
  25 yaks
  3 hogs (Spider:1)
  Eustachio (D:4)
  5 basilisks
  A steam dragon (D:12)
  5 vampire mosquitoes (D:15)
  Grum (D:9)
  3 hungry ghosts
  An acid dragon (D:13)
  7 wargs
  9 water moccasins
  A water moccasin (shapeshifter) (D:15)
  20 porcupines
  A black bear (shapeshifter) (Vaults:4)
  An eye of draining (D:15)
  A hornet zombie (D:15)
  57 orc warriors
  7 sky beasts
  2 eyes of draining (shapeshifter) (Vaults:2)
  7 black bears
  2 necrophages
  5 ice beasts
  20 ogres
  5 phantoms
  10 wolves
  11 boggarts
  22 centaurs
  11 crocodiles
  A human skeleton (Vaults:2)
  13 bullfrogs
  A big kobold (D:10)
  An elf simulacrum (Vaults:1)
  A gnoll sergeant (D:8)
  An earth elemental (Elf:2)
  3 scorpions
  2 wyvern skeletons
  14 killer bees
  4 wights (D:8)
  6 howler monkeys
  3 electric eels
  5 crimson imps
  4 jellies
  A bullfrog zombie (D:8)
  8 hounds
  37 orc wizards
  A quasit (D:6)
  A bullfrog skeleton (D:10)
  28 orc priests
  7 centaur skeletons
  Jessica (D:3)
  Terence (D:3)
  11 worker ants
  2 hell rats (Lair:2)
  8 gnolls (D:8)
  A howler monkey skeleton (D:6)
  17 adders
  11 river rats (Lair:2)
  2 shadow imps
  A white imp (Vaults:1)
  An ooze (D:5)
  3 worms
  2 dart slugs (D:1)
  6 leopard geckos
  142 orcs
  3 giant cockroaches
  11 goblins
  7 hobgoblins
  14 jackals
  3 quokkas
  2 ball pythons
  5 bats
  7 frilled lizards
  11 kobolds
  10 rats
  3 tentacles (Shoals:4)
1720 creatures vanquished.

Vanquished Creatures (others)
  A deep elf blademaster (Elf:3)
  A deep elf high priest (Vaults:5)
  2 merfolk aquamancers (Shoals:4)
  2 deep elf knights (Elf:1)
  An orb spider (Spider:4)
  A jumping spider (Spider:4)
  2 humans (Spider:1)
  An ogre (Vaults:4)
  4 orcs
  3 fungi (Lair:2)
  8 plants
  7 tentacles (Shoals:4)
  10 withered plants (D:15)
43 creatures vanquished.

Grand Total: 1763 creatures vanquished

Notes
Turn   | Place    | Note
-------+----------+-------------------------------------------
     0 | D:1      | JeffiDaFish the Gargoyle Fighter began the quest for the Orb.
     0 | D:1      | Reached XP level 1. HP: 14/14 MP: 1/1
   150 | D:1      | Reached XP level 2. HP: 19/19 MP: 2/2
   549 | D:2      | Reached XP level 3. HP: 23/23 MP: 3/3
   707 | D:2      | Reached skill level 4 in Shields
   746 | D:2      | Reached XP level 4. HP: 24/28 MP: 4/4
  1238 | D:3      | Found a sparkling altar of Nemelex Xobeh.
  1282 | D:3      | Noticed Jessica
  1282 | D:3      | Reached XP level 5. HP: 32/32 MP: 5/5
  1289 | D:3      | Killed Jessica
  1858 | D:3      | Noticed Terence
  1871 | D:3      | Killed Terence
  1871 | D:3      | Reached XP level 6. HP: 37/37 MP: 6/6
  2481 | D:4      | Noticed a phantom
  2493 | D:4      | Found a staircase to the Ecumenical Temple.
  2518 | D:4      | Killed a phantom
  2518 | D:4      | Reached skill level 5 in Maces & Flails
  2542 | D:4      | Noticed Eustachio
  2575 | D:4      | Found a sacrificial altar of Ru.
  2591 | D:4      | Killed Eustachio
  2591 | D:4      | Reached skill level 5 in Shields
  2591 | D:4      | Reached XP level 7. HP: 31/43 MP: 7/7
  2736 | Temple   | Entered the Ecumenical Temple
  2744 | Temple   | Became a worshipper of Warmaster Okawaru
  2780 | D:5      | Entered Level 5 of the Dungeon
  2841 | D:5      | Found a snail-covered altar of Cheibriados.
  2850 | D:5      | Found a bloodstained altar of Trog.
  3210 | D:5      | Reached skill level 1 in Dodging
  3646 | D:5      | Reached skill level 5 in Armour
  3790 | D:5      | Found a sparkling altar of Nemelex Xobeh.
  3872 | D:5      | Got a transparent plate armour
  3883 | D:5      | Identified the +12 plate armour of Benevolence {Str+6 Slay+2} (You found it on level 5 of the Dungeon)
  4079 | D:6      | Reached skill level 6 in Shields
  4079 | D:6      | Reached XP level 8. HP: 39/48 MP: 8/8
  4101 | D:6      | Reached * piety under Okawaru
  4223 | D:6      | You fall through a shaft!
  4224 | D:7      | Found an opulent altar of Gozag.
  4231 | D:7      | Found Gozag's Platinum Reserve.
  4329 | D:6      | Reached skill level 5 in Fighting
  4809 | D:7      | Reached ** piety under Okawaru
  4809 | D:7      | Reached skill level 7 in Shields
  4873 | D:7      | Reached XP level 9. HP: 53/54 MP: 9/9
  5820 | D:8      | Reached *** piety under Okawaru
  5827 | D:8      | Reached skill level 8 in Shields
  5847 | D:8      | Found a staircase to the Lair.
  6033 | D:8      | Noticed a two-headed ogre
  6053 | D:8      | Killed a two-headed ogre
  6053 | D:8      | Reached **** piety under Okawaru
  6053 | D:8      | Reached XP level 10. HP: 40/61 MP: 10/10
  6144 | D:8      | Reached skill level 9 in Shields
  6360 | D:8      | Reached skill level 10 in Maces & Flails
  6663 | D:8      | Found Somit's Gadget Shop.
  6901 | Lair:1   | Entered Level 1 of the Lair of Beasts
  7015 | Lair:1   | Noticed a spiny frog
  7027 | Lair:1   | Killed a spiny frog
  7102 | Lair:1   | Reached ***** piety under Okawaru
  7192 | Lair:1   | Reached XP level 11. HP: 44/67 MP: 11/11
  7223 | Lair:1   | Reached skill level 10 in Shields
  8019 | Lair:2   | Noticed Urug
  8095 | Lair:2   | Killed Urug
  8144 | Lair:2   | Reached skill level 11 in Shields
  8525 | Lair:2   | Received a gift from Okawaru
  9136 | Lair:3   | Reached ****** piety under Okawaru
  9418 | Lair:3   | Reached XP level 12. HP: 72/75 MP: 12/12
  9448 | Lair:3   | Found a staircase to the Shoals.
 10055 | Lair:3   | Reached skill level 12 in Shields
 10324 | Lair:3   | Noticed Gastronok
 10340 | Lair:3   | Killed Gastronok
 10340 | Lair:3   | Received a gift from Okawaru
 10578 | Lair:3   | Reached skill level 1 in Stealth
 10738 | Lair:4   | Found a shimmering altar of Xom.
 10762 | Lair:4   | Found a hole to the Spider Nest.
 10816 | Lair:4   | Noticed an eight-headed hydra
 10818 | Lair:4   | Gained mutation: Your muscles are strong. (Str +2) [potion of mutation]
 10818 | Lair:4   | Lost mutation: Your muscles are strong. (Str +2) [potion of mutation]
 10818 | Lair:4   | Gained mutation: You have sharp toenails. [potion of mutation]
 10818 | Lair:4   | Gained mutation: You are robust. (+10% HP) [potion of mutation]
 10826 | Lair:4   | Killed an eight-headed hydra
 10882 | Lair:4   | Found a dark tunnel.
 10971 | Volcano  | Entered a volcano
 11017 | Volcano  | Received a gift from Okawaru
 11026 | Volcano  | Got a distressingly furry scarf {god gift}
 11032 | Volcano  | Identified the scarf "Mimyaxex" {rF+ rN+ Dex+3} (Okawaru gifted it to you in a volcano)
 11070 | Volcano  | Noticed a centaur warrior
 11077 | Volcano  | Killed a centaur warrior
 11077 | Volcano  | Reached skill level 13 in Shields
 11570 | Lair:4   | Reached XP level 13. HP: 89/89 MP: 13/13
 12418 | Lair:5   | Noticed Josephine
 12432 | Lair:5   | Killed Josephine
 12432 | Lair:5   | Reached skill level 10 in Fighting
 13310 | Lair:5   | You fall through a shaft!
 13310 | Lair:6   | Entered Level 6 of the Lair of Beasts
 13343 | Lair:6   | Reached skill level 10 in Armour
 13343 | Lair:6   | Reached skill level 14 in Shields
 13343 | Lair:6   | Gained mutation: Your large and strong wings let you fly indefinitely. [Gargoyle growth]
 13343 | Lair:6   | Reached XP level 14. HP: 85/96 MP: 14/14
 13535 | Lair:6   | Found a staircase to the Slime Pits.
 13535 | Lair:6   | Found a viscous altar of Jiyva.
 13587 | Lair:6   | Received a gift from Okawaru
 13886 | Lair:6   | Received a gift from Okawaru
 14102 | Lair:6   | Got a clouded ivory ring
 14104 | Lair:6   | Identified the ring of Doyzamig {rPois rC- Int+4 Stlth+} (You found it on level 6 of the Lair of Beasts)
 14211 | Lair:6   | Noticed Nessos
 14226 | Lair:6   | Killed Nessos
 14226 | Lair:6   | Reached XP level 15. HP: 104/104 MP: 15/15
 14588 | D:9      | Noticed Maurice
 14619 | D:9      | Killed Maurice
 14686 | D:9      | Noticed Grum
 14713 | D:9      | Killed Grum
 14753 | D:9      | Found a staircase to the Orcish Mines.
 14807 | D:9      | Noticed Raiza's ghost (novice MiBe)
 14828 | D:9      | Killed Raiza's ghost
 15071 | D:9      | Found a shadowy altar of Dithmenos.
 15254 | D:9      | Found an ancient bone altar of Kikubaaqudgha.
 15254 | D:9      | Found a glowing silver altar of Zin.
 15332 | D:10     | Entered Level 10 of the Dungeon
 15364 | D:10     | Noticed Erica
 15380 | D:10     | Killed Erica
 15411 | D:10     | Found Qayggogra's Magic Scroll Shoppe.
 15415 | D:10     | Bought a scroll of enchant armour for 105 gold pieces
 15415 | D:10     | Bought a scroll of enchant armour for 105 gold pieces
 15415 | D:10     | Bought a scroll of enchant weapon for 105 gold pieces
 15415 | D:10     | Bought a scroll of enchant armour for 105 gold pieces
 15503 | D:10     | Noticed Snorg
 15511 | D:10     | Killed Snorg
 15511 | D:10     | Reached skill level 15 in Maces & Flails
 15511 | D:10     | Reached skill level 15 in Shields
 15658 | D:10     | Found Rehapriz's General Store.
 15687 | D:10     | Bought a scroll of enchant weapon for 120 gold pieces
 15903 | D:10     | Found a sacrificial altar of Ru.
 15915 | D:10     | Found Esywisy's Magic Scroll Shoppe.
 15934 | D:10     | Bought a scroll of enchant armour for 105 gold pieces
 16534 | D:11     | Noticed cowum's ghost (journeyman TrMo)
 16564 | D:11     | Killed cowum's ghost
 16798 | D:11     | Received a gift from Okawaru
 18710 | D:13     | Found Vuilelyst's Distillery.
 18799 | D:13     | Identified the cursed +3 mace of Gahiler {crush, rElec Stlth+} (You found it on level 13 of the Dungeon)
 19125 | D:14     | Found a gate to the Vaults.
 19146 | D:14     | Received a gift from Okawaru
 19146 | D:14     | Reached skill level 16 in Shields
 19564 | D:14     | Reached XP level 16. HP: 113/113 MP: 16/16
 19820 | D:15     | Entered Level 15 of the Dungeon
 19860 | D:15     | Found Quodukul's Antique Weapon Shop.
 19919 | D:15     | Found a staircase to the Depths.
 19990 | D:15     | Received a gift from Okawaru
 20000 | D:15     | Identified the Incunabulum of Displaced Conjuration
 20009 | D:15     | Learned a level 6 spell: Iron Shot
 20067 | D:15     | Found a shimmering altar of Xom.
 21193 | Orc:1    | Entered Level 1 of the Orcish Mines
 21194 | Orc:1    | Noticed regis's ghost (journeyman HuCj)
 21205 | Orc:1    | Killed regis's ghost
 21205 | Orc:1    | Reached skill level 17 in Shields
 21376 | Orc:2    | Entered Level 2 of the Orcish Mines
 21378 | Orc:2    | Found a staircase to the Elven Halls.
 21880 | Orc:2    | Found a roughly hewn altar of Beogh.
 21930 | Orc:2    | Noticed Saint Roka
 21972 | Orc:2    | Killed Saint Roka
 21972 | Orc:2    | Received a gift from Okawaru
 22228 | Orc:2    | Found a roughly hewn altar of Beogh.
 22249 | Orc:2    | Found Sanui's Antique Armour Boutique.
 22267 | Orc:2    | Bought a shiny helmet for 157 gold pieces
 22296 | Orc:2    | Found a roughly hewn altar of Beogh.
 22374 | Orc:2    | Found a roughly hewn altar of Beogh.
 22528 | Orc:2    | Found a roughly hewn altar of Beogh.
 22529 | Orc:2    | Found Cewaxije's General Store.
 22630 | Orc:2    | Found Toumy's Antique Armour Shop.
 22631 | Orc:2    | Found a roughly hewn altar of Beogh.
 22632 | Orc:2    | Found Joathemurgh's Antique Weapon Boutique.
 23513 | Shoals:1 | Entered Level 1 of the Shoals
 23538 | Shoals:1 | Found Fuvoug's Magic Scroll Shoppe.
 23558 | Shoals:1 | Bought a scroll of brand weapon for 280 gold pieces
 23558 | Shoals:1 | Bought a scroll of enchant weapon for 105 gold pieces
 23634 | Shoals:1 | Found Awurus's General Store.
 23657 | Shoals:1 | Received a gift from Okawaru
 23657 | Shoals:1 | Reached XP level 17. HP: 119/119 MP: 17/17
 23762 | Shoals:1 | Found Umilien's Weapon Boutique.
 24344 | Shoals:2 | Reached skill level 18 in Shields
 25994 | Shoals:4 | Entered Level 4 of the Shoals
 26028 | Shoals:4 | Noticed Ilsuiw
 26060 | Shoals:4 | Killed Ilsuiw
 26502 | Shoals:4 | Noticed ojifijod's ghost (adept BaFi)
 26538 | Shoals:4 | Killed ojifijod's ghost
 26606 | Shoals:4 | Reached skill level 19 in Shields
 26641 | Shoals:4 | Noticed a kraken
 26661 | Shoals:4 | Killed a kraken
 26661 | Shoals:4 | Received a gift from Okawaru
 27219 | Shoals:4 | Reached XP level 18. HP: 115/128 MP: 18/18
 27332 | Shoals:4 | Identified the Handbook of the Entourage and Displacement
 27421 | Shoals:4 | Got a barnacled rune of Zot
 27717 | Spider:1 | Entered Level 1 of the Spider Nest
 27811 | Spider:1 | Noticed Asterion
 27833 | Spider:1 | Killed Asterion
 28270 | Spider:1 | Noticed Kirke
 28298 | Spider:1 | Killed Kirke
 28298 | Spider:1 | Received a gift from Okawaru
 28298 | Spider:1 | Reached skill level 15 in Fighting
 28359 | Spider:1 | Noticed Rupert
 28411 | Spider:1 | Killed Rupert
 28485 | Spider:1 | Reached skill level 20 in Shields
 29646 | Spider:3 | Noticed Arachne
 29670 | Spider:3 | Killed Arachne
 29883 | Spider:3 | Noticed Donald
 29898 | Spider:3 | Killed Donald
 30136 | Spider:3 | Noticed Agnes
 30186 | Spider:3 | Killed Agnes
 30240 | Spider:3 | Upgraded the game from 0.20-a0-999-gb5f2a4e to 0.20-a0-1000-g0e8f6bb
 30250 | Spider:3 | Identified a scroll of acquirement
 31120 | Spider:4 | Entered Level 4 of the Spider Nest
 31157 | Spider:4 | Received a gift from Okawaru
 31161 | Spider:4 | Reached XP level 19. HP: 90/136 MP: 19/19
 31176 | Spider:4 | Reached skill level 5 in Dodging
 31268 | Spider:4 | Reached skill level 21 in Shields
 31656 | Spider:4 | Got a gossamer rune of Zot
 32509 | Vaults:1 | Entered Level 1 of the Vaults
 32519 | Vaults:1 | Received a gift from Okawaru
 32754 | Vaults:1 | Found Teimups's Assorted Antiques.
 33090 | Vaults:1 | Reached skill level 22 in Shields
 33757 | Vaults:2 | Noticed Jory
 33800 | Vaults:2 | Killed Jory
 33804 | Vaults:2 | Received a gift from Okawaru
 33841 | Vaults:2 | Reached XP level 20. HP: 61/145 MP: 20/20
 34109 | Vaults:2 | Found a staircase to the Crypt.
 34532 | Vaults:2 | Found a portal to a secret trove of treasure.
 35108 | Vaults:2 | Received a gift from Okawaru
 36232 | Vaults:3 | Reached skill level 23 in Shields
 36436 | Vaults:3 | Received a gift from Okawaru
 36691 | Vaults:3 | Received a gift from Okawaru
 36885 | Vaults:3 | Found Wyoquock's General Store.
 37194 | Vaults:3 | Found Woquug's Weapon Emporium.
 37233 | Vaults:3 | Reached XP level 21. HP: 118/154 MP: 21/21
 37907 | Vaults:4 | Received a gift from Okawaru
 38764 | Vaults:4 | Received a gift from Okawaru
 39181 | Vaults:4 | Reached skill level 24 in Shields
 39668 | Vaults:5 | Entered Level 5 of the Vaults
 39901 | Vaults:5 | Reached XP level 22. HP: 60/161 MP: 22/22
 39902 | Vaults:5 | Noticed Parsimony's ghost (veteran BuWn)
 39908 | Vaults:4 | Received a gift from Okawaru
 40378 | Vaults:5 | Killed Parsimony's ghost
 40415 | Vaults:5 | Noticed FastMan's ghost (adept MiBe)
 40496 | Vaults:5 | Killed FastMan's ghost
 40571 | Vaults:5 | Noticed a golden dragon
 40587 | Vaults:5 | Killed a golden dragon
 40587 | Vaults:5 | Reached skill level 15 in Armour
 40999 | Vaults:5 | Reached skill level 25 in Shields
 41065 | Vaults:5 | Received a gift from Okawaru
 41094 | Vaults:5 | Got a steaming broad axe {flame}
 41095 | Vaults:5 | Identified the +9 broad axe "Ocodghao" {flame, Int+6} (You took it off a deep elf high priest on level 5 of the Vaults)
 41309 | Vaults:5 | Identified Botojul's Reference Book on the Scorching Snowflakes
 41683 | Vaults:5 | Noticed Xtahua
 41706 | Vaults:5 | Killed Xtahua
 42222 | Vaults:5 | Reached XP level 23. HP: 168/168 MP: 23/23
 42287 | Vaults:5 | Got a silver rune of Zot
 42771 | Elf:1    | Entered Level 1 of the Elven Halls
 42812 | Elf:1    | Noticed Hobbes's ghost (journeyman DESu)
 42828 | Elf:1    | Killed Hobbes's ghost
 42979 | Elf:1    | Found Irhy's Armour Boutique.
 42979 | Elf:1    | Found Alotazxie's Assorted Antiques.
 43060 | Elf:1    | Received a gift from Okawaru
 44076 | Elf:2    | Found a runed gate.
 44076 | Elf:2    | Found a runed gate.
 44076 | Elf:2    | Found a runed gate.
 44342 | Elf:2    | Received a gift from Okawaru
 44511 | Elf:2    | Reached skill level 26 in Shields
 44528 | Elf:2    | Gained mutation: You have sharp fingernails. [a neqoxec]
 44901 | Elf:3    | Entered Level 3 of the Elven Halls
 44915 | Elf:3    | Received a gift from Okawaru
 45338 | Elf:3    | Found a deep blue altar of Sif Muna.
 45589 | Elf:3    | Splashed by a deep elf sorcerer's acid

Vault maps used:
D:1:      lemuel_arrival_river_ford
D:2:      first_bread
D:3:      nemelex_xobeh_ov_fountains_minmay, uniq_terence, uniq_jessica
D:4:      temple_doors_cd, minmay_misc_feat_more_columns,
          nicolae_ru_path_of_blood, uniq_eustachio
D:5:      overflow_temple_1_default, basic_altar, nemelex_dance_club_becter
D:7:      nicolae_gozag_zags_fifth_avenue
D:8:      minmay_lair_entry_grove, serial_shops, kennysheep_mini
D:9:      lemuel_doored_altar, gammafunk_temple_overflow_pools, david_orc_3,
          the_bakery, minmay_misc_feat_iff, kennysheep_crisscross,
          wad_floor_pattern_1, uniq_grum, uniq_maurice
D:10:     serial_shops, shop_fountains, shop, shop, basic_altar,
          kennysheep_opposing_triangles, uniq_snorg, uniq_erica
D:13:     serial_shops, shop
D:14:     lightli_vaults_fourway_checkpoint, minmay_misc_feat_tower
D:15:     gammafunk_depths_entry_grave, basic_altar, serial_shops, shop_statue,
          minivault_11, serial_aquarium, aquarium_bridge_square,
          aquarium_window_fake, aquarium_window_fake, aquarium_window_corner,
          aquarium_view_2c
Temple:   regret_index_temple_mists
Lair:2:   kennysheep_rathole, uniq_urug
Lair:3:   minmay_shoals_entry_beasts, lemuel_fruit_tree, uniq_gastronok
Lair:4:   spider_nest_entry_rubble, basic_altar, nicolae_volcano_entry_vermiform
Lair:5:   kennysheep_catoblepas_arena, uniq_josephine
Lair:6:   evilmike_catoblepas_cave, slime_altar_1, serial_bayou_shore_b,
          infiniplex_staircase_pool_2, uniq_nessos
Shoals:1: serial_shops, nicolae_shop_statue_plus, shop, shop
Shoals:4: shoals_end_grunt_ice, shoals_ilsuiw_ice, nicolae_shoals_cliffside_cave
Spider:1: spider_trap, uniq_kirke, uniq_asterion, uniq_rupert
Spider:3: uniq_arachne, uniq_donald, uniq_agnes
Spider:4: grunt_spider_rune_circles
Orc:2:    grunt_orc_community_town_hall, grunt_orc_community_big_house_1,
          grunt_orc_community_big_house_2, grunt_orc_community_house_1,
          grunt_orc_community_house_1, grunt_orc_community_house_3,
          grunt_orc_community_house_3, grunt_orc_community_house_3,
          grunt_orc_community_house_3, guppyfry_library_mini
Elf:1:    hangedman_elf_disciples, minmay_shoptagon
Elf:3:    minmay_elf_hall_furrowed, lemuel_blue_sif_altar, uniq_nikola
Vaults:1: vaults_room_octagon, hangedman_vaults_variations,
          nicolae_vaults_network_periphery, v_rooms_6,
          hangedman_vaults_restitches, v_misc_5, v_misc_5,
          vaults_dpeg_encased_lava, grunt_vaults_hallway_long, v_misc_8,
          serial_ice_h, vaults_room_large_hall, vaults_room_hallway,
          nicolae_vaults_little_squares_3, serial_shops,
          nicolae_shop_overgrown_old_shop
Vaults:2: nicolae_vaults_little_squares_4, hangedman_vaults_impose,
          nicolae_vaults_quartermaster, minmay_crypt_entry_simple_box,
          v_misc_10, trove_entry_hex_spiral, uniq_jory, uniq_saint_roka
Vaults:3: nicolae_vaults_network_star, ontoclasm_vaults_misaligned,
          nicolae_vaults_network_quinsquares, vaults_standard_mumra_x,
          v_rooms_1, vaults_room_boxed, v_misc_23, dpeg_vaults_monster_box,
          ontoclasm_vaults_shuriken, serial_shops, shop
Vaults:4: vaults_room_pool, ontoclasm_vaults_spin, ontoclasm_vaults_tryst,
          vaults_standard_mumra_enter_the_diamond, vaults_mumra_hex,
          v_alt_pattern_6, nicolae_vaults_alarming,
          vaults_mumra_minichess_inversion
Vaults:5: serial_shops, uniq_xtahua
Volcano:  volcano_pools

Skill      XL: |  1  2  3  4  5  6  7  8  9 10 11 12 13 14 15 16 17 18 19 20 21 22 23 |
---------------+----------------------------------------------------------------------+-----
Maces & Flails | 3 4 5 7 9 10 12 13 14 15 16 17 18 19 | 19.8
Shields        | 4 5 6 7 8 9 11 13 14 16 17 19 20 22 23 24 25 26 | 26.4
Armour         | 4 5 7 8 9 10 11 12 13 14 15 16 | 16.5
Fighting       | 4 5 6 7 8 9 10 11 12 13 14 15 16 17 18 19 | 19.2
Dodging        | 1 2 4 5 |  5.5
Stealth        | 1 2 3 |  3.0

Action                   |  1- 3 |  4- 6 |  7- 9 | 10-12 | 13-15 | 16-18 | 19-21 | 22-24 || total
-------------------------+-------+-------+-------+-------+-------+-------+-------+-------++-------
Melee: Flail             |   123 |   289 |   440 |   851 |   261 |       |       |       ||  1964
       Kick              |       |       |       |    48 |   513 |   354 |       |       ||   915
       Morningstar       |       |       |       |       |   822 |  1915 |  2008 |  1322 ||  6067
       Demon whip        |       |       |       |       |    18 |     6 |       |       ||    24
 Abil: Fly               |       |       |       |       |     1 |       |       |       ||     1
  Use: Potion            |     3 |     5 |     2 |     6 |     3 |     3 |       |     3 ||    25
       Scroll            |     5 |     3 |     5 |     9 |    13 |    12 |     6 |     5 ||    58
 Stab: Distracted        |       |       |       |     1 |       |       |       |       ||     1
       Held in net/web   |       |       |       |       |       |     1 |       |       ||     1
  Eat: Chunk             |       |     6 |    24 |    11 |    27 |    38 |    31 |    20 ||   157
       Royal jelly       |       |       |     2 |       |       |       |       |       ||     2
       Meat ration       |       |       |     1 |       |       |       |       |       ||     1
Armor: Chain mail        |    90 |   135 |       |       |       |       |       |       ||   225
       Plate armour      |       |    76 |   310 |   522 |   315 |   569 |   610 |   439 ||  2841
Dodge: Dodged            |    33 |    73 |    93 |   219 |   282 |   491 |   581 |   389 ||  2161
Block: Shield            |    69 |   156 |   278 |   603 |   178 |       |       |       ||  1284
       Large shield      |       |       |       |       |   889 |  2504 |  2880 |  1829 ||  8102
